 Dungeon Crawl Stone Soup version 0.29.1-1-gd02db6906a (webtiles) character file.

Game seed: 7363159453168950138

106 sankara the Trooper (level 4, -2/37 HPs)
             Began as a Demonspawn Fighter on Oct 20, 2022.
             Killed by divine providence
             ... invoked by an orc priest
              (12 damage)
             ... on level 4 of the Dungeon.
             The game lasted 00:06:54 (3180 turns).

sankara the Trooper (Demonspawn Fighter)            Turns: 3180, Time: 00:06:56

Health: -2/37      AC:  8    Str: 16    XL:     4   Next: 55%
Magic:  13/13      EV:  8    Int:  9    God:
Gold:   133        SH:  5    Dex: 15    Spells: 3/3 levels left

rFire   . . .      SeeInvis .   a - +0 flail
rCold   . . .      Faith    .   c - +0 buckler
rNeg    . . .      Spirit   .   b - +0 scale mail
rPois   .          Reflect  .   (no helmet)
rElec   .          Harm     .   o - +0 cloak
rCorr   .          Rampage  .   (no gloves)
Will    .....                   (no boots)
Stlth   ..........              (no amulet)
HPRegen 0.12/turn               k - ring of magical power
MPRegen 0.13/turn               (no ring)

@: no status effects
A: hooves 1, powered by death 1
a: no special abilities


You were on level 4 of the Dungeon.
You visited 1 branch of the dungeon, and saw 4 of its levels.

You collected 133 gold pieces.

Inventory:

Hand Weapons
 a - a +0 flail (weapon)
 s - a +2 dagger of venom
Missiles
 h - 21 stones (quivered)
 l - 11 poisoned darts
 q - 5 atropa-tipped darts
Armour
 b - a +0 scale mail (worn)
 c - a +0 buckler (worn)
 o - a +0 cloak (worn)
 r - a +0 tower shield
Jewellery
 k - a ring of magical power (left hand)
 m - a ring of ice
Wands
 t - a wand of iceblast (9)
Scrolls
 e - 3 scrolls of blinking {unknown}
 f - 3 scrolls of fog {unknown}
 g - a scroll of teleportation {unknown}
 i - 2 scrolls of identify {unknown}
 p - a scroll of enchant weapon {unknown}
Potions
 d - a potion of might
 j - 2 potions of haste
 n - a potion of resistance


   Skills:
 + Level 3.6 Fighting
 * Level 3.2 Maces & Flails
 + Level 3.3 Armour
 - Level 3.0 Shields


You had 3 spell levels left.
You didn't know any spells.
Your spell library was empty.

Dungeon Overview and Level Annotations

Branches:
Dungeon (4/15)
 Temple: D:4-7

Altars:
Hepliaklqana
Kikubaaqudgha
Nemelex Xobeh
Uskayaw
Vehumet


Innate Abilities, Weirdness & Mutations

You have large cloven feet.
You regenerate a little health from kills.


Message History

The orc hits you with a +0 club. The orc hits you but does no damage.
You hit the orc.
You kill the orc!
No target in view!
Things that are here:
a +0 club; a +0 hand axe; an orc corpse An orc priest comes into view.
It is wielding a +0 hand axe.
The endoplasm quivers.
The orc priest closely misses you.
You barely miss the orc priest.
The orc priest mumbles some strange prayers to Beogh against you.
Pain shoots through your body!
You hit the orc priest.
You kick the orc priest, but do no damage.
The orc priest is moderately wounded.
You block the orc priest's attack. You block the endoplasm's attack.
The orc priest calls down the wrath of Beogh upon you.
Beogh smites you!
The endoplasm hits you but does no damage.
You hear a shout!
You hit the orc priest.
The orc priest is heavily wounded.
The orc priest hits you with a +0 hand axe.
You block the endoplasm's attack.
An orc priest comes into view. It is wielding a +0 dagger.
Unknown command.
You hit the orc priest but do no damage.
You kick the orc priest, but do no damage.
The orc priest is heavily wounded.
You block the orc priest's attack. The endoplasm freezes you.
You are frozen.
* * * LOW HITPOINT WARNING * * *
You hit the orc priest but do no damage.
The orc priest is moderately wounded.
You block the orc priest's attack.
The endoplasm hits you but does no damage.
The orc priest mumbles some strange prayers to Beogh against you.
Beogh smites you!
You die...

### #<# #)# #
#.# .. #.# #.
#.# #.#####.#
#.......## .
##....@..# ..
##...oJ..#
...#........#
....o.......#
.J.#........#
#........#
#.......##
##....[.#
........#


You could see 2 orc priests and an endoplasm.

Vanquished Creatures
  An iguana (D:3)
  An adder (D:2)
  A worm (D:2)
  4 dart slugs
  3 orcs
  5 bats
  5 endoplasms
  4 giant cockroaches
  5 goblins
  4 hobgoblins
  2 jackals (D:3)
  4 quokkas
  A ball python (D:1)
  4 frilled lizards
  2 kobolds
  6 rats
52 creatures vanquished.

Notes
Turn   | Place    | Note
-------+----------+-------------------------------------------
     0 | D:1      | sankara the Demonspawn Fighter began the quest for the Orb.
     0 | D:1      | Reached XP level 1. HP: 18/18 MP: 1/1
    87 | D:1      | Gained mutation: You regenerate a little health from kills.
                  | [demonic ancestry]
    87 | D:1      | Reached XP level 2. HP: 19/24 MP: 2/2
  1058 | D:2      | Reached XP level 3. HP: 29/29 MP: 3/3
  1448 | D:2      | Found a faded altar of an unknown god.
  1648 | D:3      | Found an ancient bone altar of Kikubaaqudgha.
  2088 | D:3      | HP: 2/43 [poisoned by an orc]
  2437 | D:3      | Gained mutation: You have large cloven feet. [demonic
                  | ancestry]
  2437 | D:3      | Reached XP level 4. HP: 29/35 MP: 4/4
  2503 | D:3      | Found a hide-covered altar of Uskayaw.
  2504 | D:3      | Found a sparkling altar of Nemelex Xobeh.
  2505 | D:3      | Found a hazy altar of Hepliaklqana.
  2506 | D:3      | Found a radiant altar of Vehumet.
  2643 | D:4      | HP: 1/35 [hobgoblin (1)]
  3180 | D:4      | Killed from afar by an orc priest

Illustrated notes

Levels and vault maps discovered:
D:1:      dpeg_arrival_line_fractal, layout_rooms
D:2:      layout_basic, dreamdust_ecumenical_altar_hidden_monk_grotto,
          small_statue_intersection
D:3:      layout_rooms, kiku_gazebo_pond_becter, mainiacjoe_overflow_alcove_3
D:4:      layout_basic

Skill      XL: |  1  2  3  4 |
---------------+-------------+-----
Maces & Flails | 2 3 |  3.2
Armour         | 3 |  3.3
Shields        | 3 |  3.0
Fighting       | |  3.6

Action                   |  1- 3 |  4- 6 || total
-------------------------+-------+-------++-------
Melee: Flail             |   155 |    33 ||   188
       Kick              |       |    10 ||    10
  Use: Potion            |     3 |       ||     3
Armor: Scale mail        |    85 |    12 ||    97
Dodge: Dodged            |    77 |    13 ||    90
Block: Buckler           |    42 |    12 ||    54
